 Dungeon Crawl Stone Soup version 0.24-a0-615-g751f86b5a9 (webtiles) character file.

Game seed: 8660925199457498426, levelgen mode: deterministic

93 Zar47 the Digger (level 4, -2/24 HPs)
             Began as a Gargoyle Earth Elementalist on Sept 12, 2019.
             Blown up by Ijyb (26 damage)
             ... with a disintegration bolt
             ... on level 3 of the Dungeon on Sept 13, 2019.
             The game lasted 00:21:43 (1554 turns).

Zar47 the Digger (Gargoyle Earth Elementalist)      Turns: 1554, Time: 00:21:43

Health: -2/24      AC:  5    Str: 11    XL:     4   Next: 61%
Magic:  3/17       EV: 12    Int: 17    God:
Gold:   180        SH:  0    Dex: 10    Spells: 2/8 levels left

rFire    . . .     SeeInvis .   o - +0 mace
rCold    . . .     Gourm    +   (no shield)
rNeg     + . .     Faith    .   c - +0 robe
rPois    ∞         Spirit   .   (no helmet)
rElec    +         Reflect  .   (no cloak)
rCorr    .         Harm     .   (no gloves)
MR       .....                  (no boots)
Stlth    ++........             e - amulet of the gourmand
HPRegen  0.08/turn              l - ring of magical power
MPRegen  0.15/turn              (no ring)

@: very slightly contaminated
A: negative energy resistance 1, electricity resistance, unbreathing,
petrification resistance, rot immunity, AC +3
a: no special abilities


You were on level 3 of the Dungeon.
You were very full.

You visited 1 branch of the dungeon, and saw 3 of its levels.

You collected 180 gold pieces.

Inventory:

Hand Weapons
 o - a +0 mace (weapon)
Missiles
 j - 7 atropa-tipped darts (quivered)
 p - 14 poisoned darts
Armour
 c - a +0 robe (worn)
Jewellery
 e - an amulet of the gourmand (around neck)
 l - a ring of magical power (left hand)
Scrolls
 f - a scroll of immolation {unknown}
 i - 2 scrolls of teleportation
 k - 2 scrolls of enchant armour {unknown}
 n - a scroll of blinking {unknown}
 s - 3 scrolls of identify
Potions
 a - a potion of brilliance {unknown}
 g - a potion of heal wounds {unknown}
 h - a potion of haste {unknown}
 m - 2 potions of curing {unknown}
 q - a potion of flight {unknown}
Comestibles
 d - 6 rations
 r - 3 chunks of flesh


   Skills:
 - Level 1.5 Dodging
 + Level 3.5 Stealth
 + Level 2.8 Spellcasting
 * Level 0.1 Conjurations
 - Level 1.2 Transmutations
 + Level 4.5 Earth Magic


You had 2 spell levels left.
You knew the following spells:

 Your Spells              Type           Power        Failure   Level  Hunger
a - Sandblast             Erth           ###...       2%          1    #......
b - Passwall              Tmut/Erth      ##......     9%          2    ##.....
c - Stone Arrow           Conj/Erth      ##....       21%         3    ###....

Your spell library contained the following spells:

 Spells                   Type           Power        Failure   Level  Hunger
 Petrify                  Tmut/Erth      ##......     47%         4    #####..
 Lee's Rapid Deconstruct  Erth           ###.......   58%         5    ######.


Dungeon Overview and Level Annotations

Branches:
Dungeon (3/15)

Altars:

Annotations:
D:3 Ijyb


Innate Abilities, Weirdness & Mutations

You are resistant to torment.
Your stone body is resilient. (AC +3)
You are immune to poison.
You resist negative energy. (rN+)
You are resistant to electric shocks. (rElec)
You can survive without breathing.
You are immune to petrification.
You are immune to rotting.


Message History

Aiming: Stone Arrow (safe; 21% risk of failure)
Press: ? - help, Shift-Dir - straight line, f/p - Ijyb
Aim: Ijyb, wielding a +0 club, wearing a +3 scale mail of fire resistance and carrying a wand of disintegration (11) (resting)
The stone arrow hits Ijyb!
Ijyb is heavily wounded.
Ijyb shouts!
Casting: Stone Arrow (safe; 21% risk of failure)
Confirm with . or Enter, or press ? or * to list all spells.
Aiming: Stone Arrow (safe; 21% risk of failure)
Press: ? - help, Shift-Dir - straight line, f/p - Ijyb
Aim: Ijyb, wielding a +0 club, wearing a +3 scale mail of fire resistance and carrying a wand of disintegration (11) (heavily wounded)
The stone arrow hits Ijyb!
Ijyb is almost dead.
Casting: Stone Arrow (safe; 21% risk of failure)
Confirm with . or Enter, or press ? or * to list all spells.
You don't have enough magic to cast that spell.
Unknown command.
Ijyb zaps a wand.
You are blasted!
Ouch! That really hurt!
You die...

..)?.##.### ?# ##
#..#...# ..#
.####.###.### #..
............###.###
#######............
####. ###.#.###.##
...... #####
#....##.####......
....#
###.....#....#....
....#
##....@...g....#
....#
##............#
....#
..?........[.....
.####
...##............#
.# #..
##....$#.....# ##
## ....######....
##########.####.#
.### .##.<......#
#.# # ....########


You could see Ijyb.

Vanquished Creatures
  3 adders (D:2)
  4 worms (D:2)
  5 dart slugs
  A leopard gecko (D:1)
  A giant cockroach (D:1)
  5 goblins
  7 hobgoblins
  2 jackals (D:2)
  5 kobolds
  A quokka (D:3)
  5 bats
  2 frilled lizards
  2 rats
43 creatures vanquished.

Notes
Turn   | Place    | Note
-------+----------+-------------------------------------------
     0 | D:1      | Zar47 the Gargoyle Earth Elementalist began the quest for
                  | the Orb.
     0 | D:1      | Reached XP level 1. HP: 10/10 MP: 3/3
    49 | D:1      | Reached XP level 2. HP: 11/15 MP: 0/5
   248 | D:1      | Reached skill level 4 in Earth Magic
   650 | D:1      | Reached XP level 3. HP: 19/19 MP: 3/6
  1055 | D:2      | Learned a level 2 spell: Passwall
  1095 | D:2      | Reached XP level 4. HP: 24/24 MP: 8/8
  1117 | D:2      | Reached skill level 1 in Transmutations
  1370 | D:2      | Upgraded the game from 0.24-a0-613-g1ff6aac338 to
                  | 0.24-a0-615-g751f86b5a9
  1485 | D:3      | Learned a level 3 spell: Stone Arrow
  1546 | D:3      | Noticed Ijyb
  1554 | D:3      | Blown up by Ijyb

Levels and vault maps discovered:
D:1:      psy_arrival_radial01, layout_loops_ring, bh_walls_and_bars
D:2:      layout_rooms, first_ration, minmay_fractal_squares_gapless_5
D:3:      layout_rooms, evilmike_ruin_ashenzari, uniq_ijyb

Skill      XL: |  1  2  3  4 |
---------------+-------------+-----
Earth Magic    | 4 |  4.5
Stealth        | 3 |  3.5
Transmutations | 1 |  1.2
Dodging        | |  1.5
Spellcasting   | |  2.8
Conjurations   | |  0.1

Action                   |  1- 3 |  4- 6 || total
-------------------------+-------+-------++-------
Melee: Unarmed           |     2 |       ||     2
       Club              |     3 |       ||     3
 Cast: Sandblast         |    44 |    30 ||    74
       Passwall          |       |     4 ||     4
       Stone Arrow       |       |     3 ||     3
  Use: Scroll            |     5 |     1 ||     6
 Stab: Sleeping          |     2 |       ||     2
  Eat: Chunk             |     1 |    10 ||    11
Armor: Robe              |     4 |     3 ||     7
Dodge: Dodged            |    13 |    10 ||    23

Table legend:
 A = Non-vault XP
 B = Vault XP
 C = Vault XP percentage of total XP
 D = Non-vault monster count
 E = Vault monster count
 F = Vault count percentage of total count
                 A         B        C        D         E       F
            +---------+---------+-------+---------+---------+-------
      Total |     120 |      13 |   9.8 |      37 |       6 |  14.0
            +---------+---------+-------+---------+---------+-------
        D:1 |      38 |       0 |   0.0 |      17 |       0 |   0.0
        D:2 |      76 |      13 |  14.6 |      17 |       6 |  26.1
        D:3 |       6 |       0 |   0.0 |       3 |       0 |   0.0
            +---------+---------+-------+---------+---------+-------
